 Dungeon Crawl Stone Soup version 0.32-a0-560-g4c7f4391e0 (webtiles) character file.

Game seed: 1372335381877118338

417 Dittersdorf the Covered (level 6, -6/40 HPs)
             Began as a Gargoyle Fighter on Feb 29, 2024.
             Mangled by Menkaure (14 damage)
             ... on level 4 of the Dungeon.
             The game lasted 00:03:18 (3431 turns).

Dittersdorf the Covered (Gargoyle Fighter)          Turns: 3431, Time: 00:03:19

Health: -6/40      AC: 12    Str: 22    XL:     6   Next: 93%
Magic:  6/6        EV: 14    Int: 14    God:
Gold:   214        SH:  4    Dex:  9    Spells: 5/5 levels left

rFire   . . .        u - +2 mace (drain)
rCold   . . .        c - +0 buckler
rNeg    + . .        b - +0 scale mail
rPois   ∞            (no helmet)
rElec   +            (no cloak)
rCorr   .            t - +0 pair of gloves
SInv    .            (no boots)
Will    .....        s - amulet of magic regeneration Stlth
                     l - +5 ring of evasion
HPRegen 0.26/turn    m - +6 ring of intelligence
MPRegen 0.50/turn

%: no passive effects
@: no status effects
A: sickness immunity, AC +4, negative energy resistance 1, electricity
resistance, torment resistance 1, petrification resistance
a: no special abilities


You were on level 4 of the Dungeon.
You visited 1 branch of the dungeon, and saw 5 of its levels.

You collected 214 gold pieces.

Inventory:

Hand Weapons
 a - a +0 flail
 u - a +2 mace of draining (weapon)
Missiles
 o - 2 throwing nets (quivered)
Armour
 b - a +0 scale mail (worn)
 c - a +0 buckler (worn)
 t - a +0 pair of gloves (worn)
Jewellery
 l - a +5 ring of evasion (left hand)
 m - a +6 ring of intelligence (right hand)
 s - an amulet of magic regeneration (around neck)
Wands
 r - a wand of digging (3)
Scrolls
 h - a scroll of noise {unknown}
 i - a scroll of enchant armour {unknown}
 j - a scroll of amnesia {unknown}
 k - a scroll of silence {unknown}
Potions
 d - a potion of might
 e - a potion of haste {unknown}
 f - 2 potions of heal wounds {unknown}
 g - a potion of mutation {unknown}
 n - 4 potions of curing {unknown}
 p - 2 potions of ambrosia {unknown}
 q - a potion of enlightenment


   Skills:
 + Level 5.0 Fighting
 + Level 3.9 Maces & Flails
 + Level 5.0 Armour
 + Level 4.9 Shields


You had 5 spell levels left.
You didn't know any spells.
Your spell library contained the following spells:

 Spells                   Type           Power      Damage    Failure   Level
 Summon Small Mammal      Summ           0%         N/A       65%         1
 Call Canine Familiar     Summ           0%         N/A       95%         3
 Summon Blazeheart Golem  Fire/Summ      0%         N/A       100%        4


Dungeon Overview and Level Annotations

Branches:
Dungeon (5/15)
 Temple: D:4-7

Altars:

Shops:
D:2 *   D:3 !(:?

Annotations:
D:4 2 transporters, Menkaure; soberseth's ghost, amateur MDFE


Innate Abilities, Weirdness & Mutations

You are immune to sickness and miasma.
Your stone body is resilient. (AC +4)
You are immune to poison.
You resist negative energy. (rN+)
You are resistant to electric shocks. (rElec)
You are resistant to unholy torment.
You are immune to petrification.


Message History

The orc is heavily wounded.
The orc hits you with a +0 dagger of protection.
You hit the orc.
You kill the orc!
No target in view!
No target in view!
No target in view!
No target in view!
No target in view!
No target in view!
No target in view!
No target in view!
No target in view!
No target in view!
No target in view!
No target in view!
You start resting.
HP restored.
You climb downwards.
Level annotation: Menkaure The orc hits you with a +0 short sword.
The orc closely misses you. Menkaure hits you!
There is a stone staircase leading up here.
The orc completely misses you.
You climb upwards.
Level annotation: 2 transporters, soberseth's ghost, amateur MDFE
There is a stone staircase leading down here.
You barely miss Menkaure. Menkaure hits you! You block the orc's attack.
You barely miss Menkaure.
Menkaure calls on the powers of darkness!
Your body is wracked with pain!
The orc convulses!
The orc barely misses you.
You sock Menkaure!
Menkaure is moderately damaged.
Menkaure hits you.
* * * LOW HITPOINT WARNING * * *
The orc closely misses you.
You hit Menkaure.
Menkaure is heavily damaged.
The orc hits you but does no damage. Menkaure hits you!
You die...

#....# #.##.# #.##.# #######
#.##.# ###### #.....# #.##.#
#....# #.###.# #.##.# #..[.# #.#
#)# #.##.# ########....######.#
#.#####.##.# ............'..M@#)#
#.......##.#
########....####o#.############.#
### #....# #.#.#<.......# #.# ..#
#....# #.#..........# #.. ..#
###### #.################ ..#
#................. ..#
####'################ ..#
#..........# ..#
######..........#


You could see Menkaure and an orc.

Vanquished Creatures
  An ogre (D:4)
  2 scorpions (D:4)
  2 orc wizards
  4 adders
  3 gnolls (D:3)
  2 ribbon worms
  2 dart slugs (D:2)
  12 orcs
  7 ball pythons
  5 endoplasms
  3 giant cockroaches (D:1)
  9 goblins
  8 hobgoblins
  6 quokkas
  2 bats
  2 frilled lizards
  7 kobolds
  5 rats
82 creatures vanquished.

Notes
Turn   | Place    | Note
-------+----------+-------------------------------------------
     0 | D:1      | Dittersdorf the Gargoyle Fighter began the quest for the
                  | Orb.
     0 | D:1      | Reached XP level 1. HP: 14/14 MP: 1/1
    95 | D:1      | Reached XP level 2. HP: 19/19 MP: 2/2
   163 | D:1      | You fall into a shaft and drop 1 floor!
   256 | D:1      | Found a faded altar of an unknown god.
   393 | D:1      | Reached XP level 3. HP: 22/23 MP: 3/3
  1152 | D:2      | Reached XP level 4. HP: 29/29 MP: 4/4
  1182 | D:2      | Found Awedwy's Assorted Antiques.
  1577 | D:3      | Found Samec's Weapon Boutique.
  1704 | D:3      | Found Ywneiv's Distillery.
  1737 | D:3      | Reached XP level 5. HP: 32/33 MP: 5/5
  2120 | D:3      | Found Elukast's Book Boutique.
  2123 | D:3      | Found Hiyd's Magic Scroll Shoppe.
  2605 | D:4      | Reached XP level 6. HP: 35/39 MP: 6/6
  2880 | D:4      | Found a transporter.
  2888 | D:4      | Found a transporter.
  2889 | D:4      | Noticed soberseth's ghost (amateur MDFE)
  2893 | D:4      | Identified the +12 dire flail of Irritation {flame, Int+5}
  3204 | D:4      | Reached skill level 5 in Fighting
  3204 | D:4      | Reached skill level 5 in Armour
  3385 | D:5      | Entered Level 5 of the Dungeon
  3385 | D:5      | Noticed Menkaure
  3404 | D:5      | Noticed a water moccasin
  3431 | D:4      | Mangled by Menkaure

Illustrated notes

Levels and vault maps discovered:
D:1:      nzn_arrival_crosshair, layout_rooms,
          dreamdust_ecumenical_altar_statues
D:2:      layout_loops_corners, serial_shops, nicolae_shop_just_a_little_nook,
          dreamdust_princess_bridge
D:3:      layout_basic, serial_shops, nicolae_shop_gibbet_a_chance,
          nicolae_shop_stone, nicolae_shop_bloodbath_and_beyond, shop,
          nrook_loot_triangle
D:4:      layout_basic, gammafunk_ghost_smash, minmay_misc_feat_secret_circle
D:5:      layout_rooms, lemuel_coloured_pillars_altar,
          mainiacjoe_overflow_alcove_4, uniq_menkaure, uniq_sigmund

Skill      XL: |  1  2  3  4  5  6 |
---------------+-------------------+-----
Fighting       | 4 5 |  5.0
Armour         | 4 5 |  5.0
Shields        | 4 |  4.9
Maces & Flails | 3 |  3.9

Action                     |  1- 3 |  4- 6 || total
---------------------------+-------+-------++-------
  Melee: Flail             |   141 |   215 ||   356
         Mace              |       |    12 ||    12
    Use: Scroll            |       |     2 ||     2
 Armour: Scale mail        |   102 |   157 ||   259
  Dodge: Dodged            |    92 |   133 ||   225
  Block: Buckler           |    37 |    35 ||    72

Table legend: (Time is in decaauts)
 A = Elapsed time spent in this place.
 B = Non-inter-level travel time spent in this place.
 C = Inter-level travel time spent in this place.
 D = Time resting spent in this place.
 E = Time spent auto-exploring this place.
 F = Levels seen in this place.
 G = Mean time per level.
                   A        B        C        D        E       F      G
               +--------+--------+--------+--------+--------+-----+--------+
         Total |   3535 |   3324 |    211 |    205 |   2318 |   5 |  707.0 |
       Dungeon |   3535 |   3324 |    211 |    205 |   2318 |   5 |  707.0 |
               +--------+--------+--------+--------+--------+-----+--------+

Top non-repeatable levels by time:
     D:4: 1081 daAuts
     D:2: 958 daAuts
     D:3: 843 daAuts
     D:1: 645 daAuts
     D:5: 6 daAuts
